 Dungeon Crawl Stone Soup version 0.31.0 (webtiles) character file.

Game seed: 9005570335274400291

83 qw the Shooter (level 4, -2/28 HPs)
             Began as a Gargoyle Hunter on Jan 19, 2024.
             Slain by an orc
             ... wielding a +0 mace
              (5 damage)
             ... on level 3 of the Dungeon.
             The game lasted 00:00:06 (1780 turns).

qw the Shooter (Gargoyle Hunter)                    Turns: 1780, Time: 00:00:07

Health: -2/28      AC: 11    Str: 15    XL:     4   Next: 44%
Magic:  4/4        EV: 11    Int:  9    God:
Gold:   128        SH:  0    Dex: 15    Spells: 3/3 levels left

rFire   . . .        a - +0 shortbow (drain)
rCold   . . .        (shield currently unavailable)
rNeg    + . .        d - +0 ring mail
rPois   inf          (no helmet)
rElec   +            (no cloak)
rCorr   .            k - +0 pair of gloves
SInv    .            l - +1 pair of boots
Will    .....        (no amulet)
Stlth   +            (no ring)
HPRegen 0.24/turn    (no ring)
MPRegen 0.09/turn

%: no passive effects
@: no status effects
A: sickness immunity, AC +3, negative energy resistance 1, electricity
resistance, torment resistance 1, petrification resistance
a: no special abilities


You were on level 3 of the Dungeon.
You visited 1 branch of the dungeon, and saw 3 of its levels.

You collected 200 gold pieces.
You spent 72 gold pieces at shops.


Innate Abilities, Weirdness & Mutations

You are immune to sickness and miasma.
Your stone body is resilient. (AC +3)
You are immune to poison.
You resist negative energy. (rN+)
You are resistant to electric shocks. (rElec)
You are resistant to unholy torment.
You are immune to petrification.


   Skills:
 - Level 3.1 Fighting
 - Level 5.2 Ranged Weapons
 + Level 0.6 Armour
 - Level 1.5 Dodging
 - Level 1.1 Stealth


You had 3 spell levels left.
You didn't know any spells.
Your spell library was empty.

Inventory:

Hand Weapons
 a - a +0 shortbow of draining (weapon)
Armour
 d - a +0 ring mail (worn)
 k - a +0 pair of gloves (worn)
 l - a +1 pair of boots (worn)
Jewellery
 g - a ring of fire
Potions
 b - a potion of might {unknown}
 e - a potion of curing {unknown}
 f - a potion of lignification {unknown}
 h - a potion of haste
 j - a potion of ambrosia {unknown}

Dungeon Overview and Level Annotations

Branches:
Dungeon (3/15)

Altars:
Ashenzari

Shops:
D:2 [


Message History

The orc hits you but does no damage.
You shoot an arrow. The arrow barely misses the orc. x2
The orc hits you with a +0 falchion. The orc barely misses you.
The orc closely misses you.
You shoot an arrow. The arrow hits the orc.
The orc is moderately wounded.
The orc hits you with a +0 falchion. The orc barely misses you. x2
You shoot an arrow. The arrow closely misses the orc.
The arrow hits the orc.
You drain the orc.
You kill the orc!
The orc misses you. The orc hits you but does no damage. x3
You shoot an arrow.
The arrow hits the orc but does no damage.
The orc is moderately wounded.
The orc barely misses you.
An orc comes into view. It is wielding a +0 short sword.
The orc hits you but does no damage.
You shoot an arrow.
The arrow hits the orc but does no damage.
The orc is moderately wounded.
The orc hits you with a +0 falchion. The orc hits you but does no damage.
You shoot an arrow. The arrow barely misses the orc.
The orc hits you but does no damage. x2
You shoot an arrow.
The arrow hits the orc but does no damage.
You drain the orc.
The orc is almost dead.
The orc misses you. The orc closely misses you. x2
The orc hits you but does no damage.
You shoot an arrow. The arrow hits the orc.
You kill the orc!
The orc hits you but does no damage.
You shoot an arrow. The arrow closely misses the orc.
The orc hits you with a +0 mace.
You shoot an arrow. The arrow barely misses the orc.
The orc barely misses you. The orc hits you but does no damage.
You shoot an arrow. The arrow closely misses the orc.
The orc misses you. The orc hits you with a +0 short sword.
The orc hits you with a +0 mace.
You die...

### ##### #.# #.
.... #.# ...
...##### #.# ....
.. ...## #.#
...77.77...## #.#
7..7?7..7..# #.#
..77.....77..####.#
......_o..........#
7.)o@.77..#%####
7.)7.7..7..#.# ...
7.77......# .
..........###
..######### ##


You could see 2 orcs.

Vanquished Creatures
  A gnoll (D:1)
  An adder (D:2)
  5 dart slugs
  3 orcs (D:3)
  3 endoplasms
  4 giant cockroaches (D:2)
  2 goblins (D:1)
  3 hobgoblins
  10 kobolds
  A quokka (D:2)
  2 ball pythons
  8 bats
  7 frilled lizards
  5 rats
55 creatures vanquished.

Notes
Turn   | Place    | Note
-------+----------+-------------------------------------------
     0 | D:1      | qw the Gargoyle Hunter began the quest for the Orb.
     0 | D:1      | Reached XP level 1. HP: 12/12 MP: 1/1
     0 | D:1      | 0 ||| qw: Version: 0.3-a-132-g3d54051
     0 | D:1      | 0 ||| qw: Game counter: 121
     0 | D:1      | 0 ||| qw: Melee chars always use a shield: true
     0 | D:1      | 0 ||| qw: God list: Okawaru
     0 | D:1      | 0 ||| qw: Allow faded altars: false
     0 | D:1      | 0 ||| qw: Do Orc after clearing Dungeon:15 true
     0 | D:1      | 0 ||| qw: Do second Lair branch before Depths: true
     0 | D:1      | 0 ||| qw: Lair rune preference: random
     0 | D:1      | 0 ||| qw: Goals: Normal
     0 | D:1      | 0 ||| PLANNING D:1-11
   145 | D:1      | Found a faded altar of an unknown god.
   151 | D:1      | Reached XP level 2. HP: 17/17 MP: 2/2
   319 | D:1      | Reached XP level 3. HP: 16/21 MP: 3/3
   333 | D:1      | Reached skill level 5 in Ranged Weapons
   965 | D:1      | 965 ||| UPGRADING to +0 pair of boots.
   970 | D:1      | 970 ||| READING scroll labelled WEUNADGHEPT.
   971 | D:1      | 971 ||| READING scroll labelled OFRAICELIZ.
   971 | D:1      | 971 ||| BRANDING +0 shortbow.
   972 | D:1      | 972 ||| DRINKING 2 ruby potions.
   973 | D:1      | 973 ||| DROPPING scroll of butterflies.
   974 | D:1      | 974 ||| DROPPING potion of attraction.
  1065 | D:2      | Reached skill level 3 in Fighting
  1120 | D:2      | Reached XP level 4. HP: 28/28 MP: 4/4
  1289 | D:2      | 1289 ||| FLEEEEING.
  1372 | D:2      | Found Foeptegg's Antique Armour Shoppe.
  1385 | D:2      | 1385 ||| BUYING pair of gloves (72 gold).
  1385 | D:2      | Bought a pair of gloves for 72 gold pieces
  1516 | D:2      | 1516 ||| UPGRADING to +0 ring mail.
  1526 | D:2      | 1526 ||| DROPPING +0 leather armour.
  1527 | D:2      | 1527 ||| UPGRADING to +0 pair of gloves.
  1532 | D:2      | 1532 ||| UPGRADING to +1 pair of boots.
  1542 | D:2      | 1542 ||| DROPPING +0 pair of boots.
  1543 | D:2      | 1543 ||| READING scroll labelled DAECAK YMOPN.
  1644 | D:2      | 1644 ||| DRINKING 2 bubbling dark potions.
  1755 | D:3      | Found a broken altar of Ashenzari.
  1778 | D:3      | HP: 7/28 [orc/+0 mace (4)]
  1780 | D:3      | HP: 3/28 [orc/+0 short sword (4)]
  1780 | D:3      | Slain by an orc

Levels and vault maps discovered:
D:1:      sevenhm_arrival_forest_fort_large_1, layout_rooms,
          ebering_ecumenical_altar_hall, columned_hall_lemuel,
          dreamdust_princess_bridge, dreamdust_wishing_well,
          lexackson_kobold_supper
D:2:      layout_rooms, serial_shops, shop, minmay_worlds_worst_comb
D:3:      layout_basic, mainiacjoe_overflow_small_starburst,
          kennysheep_vampire_church, lemuel_tele_altar,
          nicolae_vehumet_radiance, kennysheep_nub, uniq_robin, uniq_natasha,
          uniq_grinder

Skill      XL: |  1  2  3 |
---------------+----------+-----
Ranged Weapons | 5 |  5.2
Fighting       | 3 |  3.1
Armour         | |  0.6
Dodging        | |  1.5
Stealth        | |  1.1

Action                     |  1- 3 |  4- 6 || total
---------------------------+-------+-------++-------
   Fire: Shortbow          |    99 |    57 ||   156
    Use: Scroll            |     2 |     1 ||     3
         Potion            |     1 |     1 ||     2
 Armour: Leather armour    |    26 |     7 ||    33
         Ring mail         |       |    24 ||    24
  Dodge: Dodged            |    24 |    26 ||    50

Table legend:
 A = Non-vault XP
 B = Vault XP
 C = Vault XP percentage of total XP
 D = Non-vault monster count
 E = Vault monster count
 F = Vault count percentage of total count
                 A         B        C        D         E       F
            +---------+---------+-------+---------+---------+-------
      Total |      97 |      22 |  18.5 |      39 |      16 |  29.1
            +---------+---------+-------+---------+---------+-------
        D:1 |      50 |      14 |  21.9 |      18 |      12 |  40.0
        D:2 |      36 |       8 |  18.2 |      16 |       4 |  20.0
        D:3 |      11 |       0 |   0.0 |       5 |       0 |   0.0
            +---------+---------+-------+---------+---------+-------
